 Dungeon Crawl Stone Soup version 0.28-a0-119-ga52ba8600a (webtiles) character file.

Game seed: 7541338965292077356

160 Nattfarinn the Magician (level 5, 0/35 HPs)
             Began as a Djinni Venom Mage on Aug 13, 2021.
             Killed by nerve-wracking pain
             ... invoked by an orc priest
              (12 damage)
             ... on level 4 of the Dungeon.
             The game lasted 00:04:48 (3413 turns).

Nattfarinn the Magician (Djinni Venom Mage)         Turns: 3413, Time: 00:04:48

Health: 0/35       AC:  4    Str:  7    XL:     5   Next: 69%
Gold:   76         EV: 12    Int: 18    God:
                   SH:  0    Dex: 13

rFire   + + .      SeeInvis .   d - +1 dagger (drain)
rCold   x . .      Faith    .   (no shield)
rNeg    . . .      Spirit   .   a - +0 robe
rPois   ∞          Reflect  .   h - +0 hat
rElec   .          Harm     .   (no cloak)
rCorr   .          Rampage  .   e - +1 pair of gloves
Will    .....                   (boots unavailable)
Stlth   ++........              (no amulet)
HPRegen 0.11/turn               (no ring)
MPRegen 0.00/turn               (no ring)

@: radiating poison, flying
A: sickness immunity, fire resistance 2, cold vulnerability 1, float, innate
caster, hp casting, extra vitality 1
a: no special abilities


You were on level 4 of the Dungeon.
You visited 1 branch of the dungeon, and saw 4 of its levels.

You collected 76 gold pieces.

Inventory:

Hand Weapons
 d - a +1 dagger of draining (weapon)
Armour
 a - a +0 robe (worn)
 e - a +1 pair of gloves (worn)
 h - a +0 hat (worn)
Scrolls
 c - a scroll of torment {unknown}
 f - a scroll of immolation {unknown}
 i - 2 scrolls of magic mapping {unknown}
 j - a scroll of noise {unknown}
 l - 2 scrolls of teleportation {unknown}
 m - a scroll of amnesia {unknown}
 n - a scroll of fear {unknown}
Potions
 b - a potion of curing
 g - a potion of berserk rage {unknown}
 k - a potion of flight {unknown}
 o - a potion of cancellation {unknown}
 p - 2 potions of attraction {unknown}


   Skills:
 - Level 2.1 Dodging
 - Level 1.5 Stealth
 + Level 4.6 Spellcasting


You couldn't memorise any spells.
You knew the following spells:

 Your Spells              Type           Power      Damage    Failure   Level
a - Sting                 Tmut/Pois      80%        1d7       1%          1
b - Poisonous Vapours     Pois/Air       40%        N/A       3%          2
c - Mephitic Cloud        Conj/Pois/Air  20%        N/A       6%          3
d - Olgreb's Toxic Radia  Pois           20%        N/A       21%         4
e - Shock                 Conj/Air       80%        1d8       1%          1
f - Passwall              Tmut/Erth      16%        N/A       3%          2
Your spell library was empty.

Dungeon Overview and Level Annotations

Branches:
Dungeon (4/15)
 Temple: D:4-7

Altars:


Innate Abilities, Weirdness & Mutations

You are immune to sickness and miasma.
You are immune to poison.
Your flesh is very heat resistant. (rF++)
You are vulnerable to cold. (rC-)
You float through the air rather than walking.
You learn spells naturally, not from books.
Your magical power is your life essence.
You have superior vitality. (+4 HP)


Message History

You kill the orc!
The zap hits the orc priest but does no damage.
The zap misses the orc priest.
The zap hits the orc priest.
The orc priest is moderately wounded.
The orc priest invokes the aid of Beogh against you.
Beogh smites you!
You hear a shout!
You are too injured to fight recklessly!
You are too injured to fight recklessly!
You are too injured to fight recklessly!
Casting: Shock (safe; 1% risk of failure)
Confirm with . or Enter, or press ? or * to list all spells.
You can't see any susceptible monsters within range! (Use Z to cast anyway.) Unknown command.
Casting: Shock (safe; 1% risk of failure)
Confirm with . or Enter, or press ? or * to list all spells.
Aiming: Poisonous Vapours (safe; 3% risk of failure)
Press: ? - help, Dir - move target, f/p - orc priest
Aim: an orc priest, wielding a +0 short sword and wearing a +0 scale mail (moderately wounded) Poisonous vapours surround the orc priest!
The orc priest is poisoned.
* * * LOW HITPOINT WARNING * * *
A hobgoblin comes into view.
It was a potion of curing.
You feel better.
Casting: Poisonous Vapours (safe; 3% risk of failure)
Confirm with . or Enter, or press ? or * to list all spells.
Aiming: Poisonous Vapours (safe; 3% risk of failure)
Press: ? - help, Dir - move target, f/p - orc priest
Aim: an orc priest, wielding a +0 short sword and wearing a +0 scale mail (moderately wounded, poisoned) Poisonous vapours surround the orc priest!
The orc priest looks even sicker.
Casting: Poisonous Vapours (safe; 3% risk of failure)
Confirm with . or Enter, or press ? or * to list all spells.
The spell is extremely dangerous to cast (21% risk of failure)!
Continue anyway?
You begin to radiate toxic energy.
The hobgoblin is poisoned.
The hobgoblin looks even sicker.
The orc priest mumbles some strange prayers to Beogh against you.
Pain shoots through your body!
You die...

# #..# #.#.# .#
#.####..####..## .#
##..........#.#.##.#
........##......#.< ..#
#............. #.#
#()##..#..<..#
#.###...........##
))#####.................
.)>.go.@....####.#.#####
#.########### #......
#.#####. #.


You could see an orc priest (very poisoned) and a hobgoblin (very poisoned).

Vanquished Creatures
  A centaur skeleton (D:3)
  3 adders
  A gnoll (D:1)
  A worm (D:2)
  A dart slug (D:4)
  6 orcs
  3 bats (D:1)
  6 endoplasms
  4 giant cockroaches
  5 goblins
  10 hobgoblins
  8 jackals
  5 ball pythons
  2 frilled lizards (D:1)
  11 kobolds
  5 rats
72 creatures vanquished.

Notes
Turn   | Place    | Note
-------+----------+-------------------------------------------
     0 | D:1      | Nattfarinn the Djinni Venom Mage began the quest for the
                  | Orb.
     0 | D:1      | Reached XP level 1. HP: 15/15 MP: 0/0
   264 | D:1      | Reached XP level 2. HP: 18/21 MP: 0/0
   272 | D:1      | Reached skill level 3 in Spellcasting
   400 | D:1      | Reached XP level 3. HP: 14/25 MP: 0/0
   400 | D:1      | Learned a level 1 spell: Shock
  1834 | D:2      | Reached XP level 4. HP: 21/31 MP: 0/0
  1993 | D:2      | Found a faded altar of an unknown god.
  2606 | D:3      | Reached skill level 4 in Spellcasting
  2763 | D:3      | Reached XP level 5. HP: 30/35 MP: 0/0
  2763 | D:3      | Learned a level 2 spell: Passwall
  3413 | D:4      | Killed from afar by an orc priest

Illustrated notes

Levels and vault maps discovered:
D:1:      lightli_arrival_flooded_house, layout_loops_ring,
          minmay_misc_feat_square
D:2:      layout_rooms, shapermc_ecumenical_altar_totnotflames
D:3:      layout_rooms
D:4:      cheibrodos_quashed, layout_loops_ring,
          minmay_temple_entry_from_below_a, item_on_display_a

Skill      XL: |  1  2  3  4 |
---------------+-------------+-----
Spellcasting   | 3 4 |  4.6
Dodging        | |  2.1
Stealth        | |  1.5

Action                   |  1- 3 |  4- 6 || total
-------------------------+-------+-------++-------
Melee: Unarmed           |     2 |       ||     2
       Dagger            |     7 |       ||     7
 Cast: Sting             |    60 |       ||    60
       Shock             |    11 |    81 ||    92
       Poisonous Vapours |       |     2 ||     2
       Olgreb's Toxic Ra |       |     1 ||     1
  Use: Potion            |       |     1 ||     1
Armor: Robe              |     4 |     4 ||     8
Dodge: Dodged            |    22 |     4 ||    26

Table legend: (Time is in decaauts)
 A = Elapsed time spent in this place.
 B = Non-inter-level travel time spent in this place.
 C = Inter-level travel time spent in this place.
 D = Time resting spent in this place.
 E = Time spent auto-exploring this place.
 F = Levels seen in this place.
 G = Mean time per level.
                   A        B        C        D        E       F      G
               +--------+--------+--------+--------+--------+-----+--------+
         Total |   3411 |   3293 |    118 |      0 |   2959 |   4 |  852.8 |
       Dungeon |   3411 |   3293 |    118 |      0 |   2959 |   4 |  852.8 |
               +--------+--------+--------+--------+--------+-----+--------+

Top non-repeatable levels by time:
     D:1: 1802 daAuts
     D:2: 764 daAuts
     D:3: 696 daAuts
     D:4: 147 daAuts
